 Dungeon Crawl Stone Soup version 0.31-a0-1576-ga3383bade6 (webtiles) character file.

Game seed: 1176547792367076098

2430 jasper the Arsonist (level 9, -4/54 HPs)
             Began as a Deep Elf Cinder Acolyte on Jan 4, 2024.
             Was a High Priest of Ignis.
             Slain by an orc warrior
             ... wielding a +0 halberd
              (9 damage)
             ... in a bailey.
             The game lasted 00:10:26 (7837 turns).

jasper the Arsonist (Deep Elf Cinder Acolyte)       Turns: 7837, Time: 00:10:27

Health: -4/54      AC:  7    Str: 11    XL:     9   Next: 24%
Magic:  12/18      EV: 13    Int: 24    God:    Ignis [*****.]
Gold:   301        SH:  0    Dex: 10    Spells: 14/18 levels left

rFire   + + .        s - +3 whip (elec)
rCold   . . .        (no shield)
rNeg    . . .        u - +2 leather armour {Will+}
rPois   +            (no helmet)
rElec   .            j - +1 cloak
rCorr   .            (no gloves)
SInv    .            (no boots)
Will    +....        (no amulet)
Stlth   +            n - ring of poison resistance
HPRegen 0.29/turn    y - ring of protection from fire
MPRegen 0.16/turn

%: no passive effects
@: no status effects
A: no striking features
a: Renounce Religion, Fiery Armour, Foxfire Swarm, Rising Flame


You were in a bailey.
You worshipped Ignis.
Ignis was extremely pleased with you.
You visited 1 branch of the dungeon, and saw 7 of its levels.
You also visited: Bailey.

You collected 301 gold pieces.

Inventory:

Hand Weapons
 a - a -1 spear of flaming
 k - a +2 short sword of speed
 q - a +0 quarterstaff of chaos
 s - a +3 whip of electrocution (weapon)
Missiles
 h - 2 javelins
Armour
 b - a +0 robe
 d - a +0 leather armour
 i - a +0 ring mail
 j - a +1 cloak (worn)
 u - a +2 leather armour of willpower (worn)
Jewellery
 g - a +6 ring of strength
 n - a ring of poison resistance (left hand)
 y - a ring of protection from fire (right hand)
Wands
 m - a wand of roots (7)
 r - a wand of charming (7)
Scrolls
 e - a scroll of teleportation
 f - 2 scrolls of enchant armour
 o - a scroll of identify
 p - 3 scrolls of blinking
 t - 2 scrolls of enchant weapon
Potions
 c - 4 potions of curing
 l - 3 potions of enlightenment
 v - a potion of mutation
 x - 2 potions of haste
 z - a potion of attraction


   Skills:
 + Level 5.2 Fighting
 - Level 2.1 Polearms
 + Level 6.4 Dodging
 - Level 5.0 Spellcasting
 - Level 2.0 Translocations
 - Level 10.0 Fire Magic
 + Level 1.2 Evocations


You had 14 spell levels left.
You knew the following spells:

 Your Spells              Type           Power      Damage    Failure   Level
a - Scorch                Fire           100%       2d9       1%          2
b - Blink                 Tloc           30%        N/A       8%          2

Your spell library contained the following spells:

 Spells                   Type           Power      Damage    Failure   Level
 Magic Dart               Conj           24%        1d4       12%         1
 Call Imp                 Summ           12%        N/A       17%         2


Dungeon Overview and Level Annotations

Branches:
Dungeon (7/15)             Bailey (1/1)
 Temple: D:4-7

Altars:
Ashenzari
Elyvilon
Sif Muna

Shops:
D:1 !

Annotations:
D:5 2 transporters, osoart's ghost, novice DESu


Message History

Aim: an orc knight, wielding a +0 glaive and wearing a +0 plate armour (lightly wounded, chance to affect: 33%)
The orc knight is charmed.
Okay, then.
You swap places.
The orc warrior misses you.
There is an open door here.
You completely miss the orc warrior.
The orc warrior hits you with a +0 glaive.
Your orc knight hits the orc warrior from afar with a +0 glaive!!
You take 2 damage, and have 39/54 hp.
The orc warrior closely misses you.
Your orc knight hits the orc warrior from afar with a +0 glaive!
The orc warrior dies!
Your Evocations skill increases to level 1!
There is an open door here.
An orc warrior comes into view. It is wielding a +0 halberd.
Things that are here:
a +0 glaive; a +4 plate armour of cold resistance; an orc corpse What are your orders? t - Shout!
Orders for allies: a - Attack new target. p - Attack previous target. r - Retreat! s - Stop attacking. g - Guard the area. f - Follow me.
Anything else - Cancel.
Gang up on whom?
Press: ? - help, Dir - move target, f - orc warrior, p - orc knight
Aim: an orc warrior, wielding a +0 halberd and wearing a +0 ring mail (ally target) Attack!
The orc warrior hits you from afar with a +0 halberd!
You take 12 damage, and have 29/54 hp.
MASSIVE DAMAGE!!
The orc warrior hits you from afar with a +0 halberd.
You take 6 damage, and have 23/54 hp.
Found the Parchment of Earthen Ignition and a chain mail.
The orc warrior hits you from afar with a +0 halberd!!
* * * LOW HITPOINT WARNING * * *
Your orc knight hits the orc warrior from afar with a +0 glaive!!
You take 18 damage, and have 5/54 hp.
MASSIVE DAMAGE!!
The orc knight is no longer charmed.
The orc warrior hits you from afar with a +0 halberd!
You die...

.~.#############+###'#########.~.
.~.## ##.........##.....##.~.
.~..## '#..§≈≈≈§≈≈..##...##..~.
.~~..## #..≈§.....≈≈..##.##..~~.
#.~~..# ....§§⌠∩⌠..o§..#'#..~~.∩
∩.~~..#+#..≈§...⌠..$§≈..#'#..~~.#
.~~..##.##..≈≈....o§§§§##.##..~~.
.~..##.$. #..≈≈≈.≈≈§§.#'...##.)~.
.~.##.$$ #....@§.§.##.....##)~.
.~.#############'#############.~.
.~..........##.... ##..........~.
.~~)~)~~~~~..##[:.##..~~~~~~~~~~.
...)))....~~..##.##..~~..........
#..######..~~..###..~~..#########
..## ##..~~...).~~..## #..#
##..~~~)~~~..## ∩∩##
##.....)...##


You could see an orc knight and an orc warrior.

Vanquished Creatures
  Menkaure (D:7)
  3 orc warriors (Bailey)
  A black bear (D:6)
  3 ogres
  A centaur (D:7)
  A kobold brigand (D:7)
  2 bullfrogs
  6 scorpions
  A wight (D:7)
  6 killer bees (D:6)
  2 howler monkeys (D:6)
  A jelly (D:4)
  A bombardier beetle (D:5)
  An orc priest (D:7)
  2 hounds
  A sleepcap (D:5)
  4 iguanas
  2 orc wizards
  A gnoll (D:6)
  12 adders
  A shadow imp (D:6)
  2 dart slugs
  A ribbon worm (D:2)
  30 orcs
  7 ball pythons
  5 endoplasms
  2 giant cockroaches
  11 goblins
  6 hobgoblins
  4 jackals (D:1)
  15 kobolds
  2 quokkas
  A bat (D:2)
  4 frilled lizards
  9 rats
152 creatures vanquished.

Vanquished Creatures (collateral kills)
  An orc warrior (Bailey)
1 creature vanquished.

Vanquished Creatures (others)
  A butterfly (D:3)
1 creature vanquished.

Grand Total: 154 creatures vanquished

Notes
Turn   | Place    | Note
-------+----------+-------------------------------------------
     0 | D:1      | jasper the Deep Elf Cinder Acolyte began the quest for the
                  | Orb.
     0 | D:1      | Reached XP level 1. HP: 13/13 MP: 5/5
   250 | D:1      | Reached XP level 2. HP: 18/18 MP: 7/7
   253 | D:1      | Learned a level 2 spell: Scorch
   720 | D:1      | Found Idaysiza's Distillery.
   790 | D:1      | Reached skill level 4 in Fire Magic
   981 | D:2      | Reached XP level 3. HP: 22/22 MP: 3/9
  1430 | D:2      | Noticed a scorpion
  1452 | D:2      | Killed a scorpion
  1453 | D:2      | Reached XP level 4. HP: 16/27 MP: 0/12
  2088 | D:3      | Reached skill level 5 in Fire Magic
  2262 | D:3      | Reached XP level 5. HP: 31/31 MP: 9/14
  2384 | D:3      | Found a broken altar of Ashenzari.
  2521 | D:3      | Found a white marble altar of Elyvilon.
  2907 | D:4      | Reached skill level 5 in Spellcasting
  3016 | D:4      | Reached skill level 6 in Fire Magic
  3016 | D:4      | Reached XP level 6. HP: 36/36 MP: 8/15
  3864 | D:4      | Reached skill level 7 in Fire Magic
  4078 | D:5      | Entered Level 5 of the Dungeon
  4221 | D:5      | Reached skill level 8 in Fire Magic
  4221 | D:5      | Reached XP level 7. HP: 40/40 MP: 5/16
  4656 | D:5      | Reached skill level 9 in Fire Magic
  4732 | D:5      | Learned a level 2 spell: Blink
  5421 | D:5      | Found a transporter.
  5427 | D:5      | Found a transporter.
  5429 | D:5      | Identified the +0 spear of Janeuleg {venom, rElec rF+
                  | Dex+2}
  5429 | D:5      | Identified the +2 buckler "Fobbuz" {Will- Slay+5}
  5429 | D:5      | Noticed osoart's ghost (novice DESu)
  5580 | D:6      | Reached skill level 10 in Fire Magic
  5580 | D:6      | Reached XP level 8. HP: 45/45 MP: 10/17
  5638 | D:6      | Reached skill level 1 in Translocations
  5960 | D:6      | Reached skill level 1 in Dodging
  6669 | D:6      | Found a shimmering blue altar of Sif Muna.
  7017 | D:7      | Noticed Menkaure
  7020 | D:7      | Killed Menkaure
  7021 | D:7      | Reached skill level 5 in Dodging
  7055 | D:7      | Reached XP level 9. HP: 21/52 MP: 1/18
  7220 | D:7      | Found a flagged portal.
  7226 | Bailey   | Entered a bailey
  7581 | Bailey   | Reached skill level 5 in Fighting
  7814 | Bailey   | Noticed an orc knight
  7829 | Bailey   | Reached skill level 1 in Evocations
  7837 | Bailey   | Slain by an orc warrior

Illustrated notes

Levels and vault maps discovered:
D:1:      dpeg_arrival_oval, layout_basic, serial_shops, shop
D:2:      minmay_alternating_diamond, layout_basic, nicolae_the_louvre
D:3:      layout_loops_ring, lemuel_doored_altar,
          nicolae_elyvilon_peaceful_grove
D:4:      layout_loops_ring, bh_walls_and_bars
D:5:      layout_cave_pools, gammafunk_ghost_gnarly_gnolls,
          serial_co_window_serial, co_window_paths_a,
          co_window_of_opportunity_a, co_window_paths_a,
          co_window_of_opportunity_a, co_window_paths_a, co_window_paths_a,
          co_window_cross_1, co_window_corner_ca, co_window_of_opportunity_b,
          co_window_2corner, co_window_of_opportunity_c, co_window_sun,
          co_window_4corner_b, glass_columns_a, glass_columns_a,
          glass_columns_a, nicolae_half_adder
D:6:      layout_basic, nicolae_overflow_crystal_walls, st_stairs_10
D:7:      layout_loops_ring, mainiacjoe_overflow_brackets,
          kennysheep_okawaru_gauntlet, temple_green, enter_bailey_3,
          minmay_holes, uniq_menkaure
Bailey:   bailey_polearm_1, bailey

Skill      XL: |  1  2  3  4  5  6  7  8  9 |
---------------+----------------------------+-----
Spellcasting   | 2 3 4 5 |  5.0
Fire Magic     | 4 5 6 8 10 | 10.0
Translocations | 2 |  2.0
Dodging        | 5 6 |  6.4
Fighting       | 4 5 |  5.2
Evocations     | 1 |  1.2
Polearms       | |  2.1

Action                     |  1- 3 |  4- 6 |  7- 9 || total
---------------------------+-------+-------+-------++-------
  Melee: Spear             |    27 |       |       ||    27
         Short sword       |    20 |       |       ||    20
         Whip              |       |       |    20 ||    20
   Cast: Scorch            |    30 |    81 |   131 ||   242
 Invoke: Fiery Armour      |     1 |       |     1 ||     2
  Evoke: Wand              |       |       |     3 ||     3
    Use: Potion            |     1 |       |       ||     1
         Scroll            |       |    11 |     2 ||    13
 Armour: Robe              |     4 |       |       ||     4
         Leather armour    |     3 |       |    54 ||    57
         Ring mail         |    18 |    11 |    10 ||    39
  Dodge: Dodged            |    26 |     8 |    52 ||    86

Table legend: (Time is in decaauts)
 A = Elapsed time spent in this place.
 B = Non-inter-level travel time spent in this place.
 C = Inter-level travel time spent in this place.
 D = Time resting spent in this place.
 E = Time spent auto-exploring this place.
 F = Levels seen in this place.
 G = Mean time per level.
                   A        B        C        D        E       F      G
               +--------+--------+--------+--------+--------+-----+--------+
         Total |   7838 |   7649 |    189 |     76 |   6700 |   8 |  979.8 |
       Dungeon |   7225 |   7036 |    189 |     76 |   6198 |   7 | 1032.1 |
        Bailey |    613 |    613 |      0 |      0 |    501 |   1 |  613.0 |
               +--------+--------+--------+--------+--------+-----+--------+

Top non-repeatable levels by time:
     D:5: 1455 daAuts
     D:6: 1309 daAuts
     D:4: 1175 daAuts
     D:2: 1088 daAuts
     D:1: 949 daAuts
     D:3: 855 daAuts
  Bailey: 613 daAuts
     D:7: 391 daAuts
